 Dungeon Crawl Stone Soup version 0.22-a0-558-gc224181 (webtiles) character file.

529 pk666 the Magician (level 7, 0/36 HPs)
             Began as a Deep Elf Wizard on June 27, 2018.
             Was an Initiate of Vehumet.
             Slain by a worker ant (1 damage)
             ... on level 5 of the Dungeon.
             The game lasted 00:08:16 (4212 turns).

pk666 the Magician (Deep Elf Wizard)                Turns: 4212, Time: 00:08:17

Health: 0/36       AC:  3    Str:  4    XL:     7   Next: 3%
Magic:  1/19       EV: 13    Int: 25    God:    Vehumet [......]
Gold:   294        SH:  0    Dex: 13    Spells: 11/20 levels left

rFire    + . .     SeeInvis .   f - +0 dagger
rCold    + . .     Gourm    .   (no shield)
rNeg     . . .     Faith    .   q - +1 robe {rC+ rF+}
rPois    .         Spirit   .   b - +0 hat
rElec    .         Reflect  .   (no cloak)
rCorr    .         Harm     .   (no gloves)
MR       .....                  (no boots)
Stlth    +.........             (no amulet)
HPRegen  0.12/turn              (no ring)
MPRegen  0.16/turn              (no ring)

@: hasted, glowing, very quick
A: no striking features
a: Renounce Religion


You were on level 5 of the Dungeon.
You worshipped Vehumet.
Vehumet was noncommittal.
You were hungry.

You visited 2 branches of the dungeon, and saw 6 of its levels.

You collected 294 gold pieces.

Inventory:

Hand Weapons
 f - a +0 dagger (weapon)
Armour
 b - a +0 hat (worn)
 q - a +1 robe of resistance (worn)
Wands
 r - a wand of enslavement (16)
Scrolls
 a - a scroll of random uselessness {unknown}
 c - a scroll of amnesia {unknown}
 e - 2 scrolls of teleportation {unknown}
 g - a scroll of immolation {unknown}
 h - 8 scrolls of identify {unknown}
 i - a scroll of enchant armour {unknown}
 j - 3 scrolls of remove curse {unknown}
 k - a scroll of enchant weapon {unknown}
 m - a scroll of blinking {unknown}
 o - a scroll of magic mapping {unknown}
 p - 2 scrolls of fog {unknown}
Potions
 n - a potion of brilliance {unknown}
 s - a potion of mutation {unknown}
 t - a potion of lignification {unknown}
Comestibles
 d - 6 rations


   Skills:
 - Level 2.4 Dodging
 - Level 2.4 Stealth
 + Level 7.3 Spellcasting
 + Level 4.9 Conjurations
   Level 1.1 Summonings
 - Level 1.1 Translocations
 + Level 3.9 Fire Magic


You had 11 spell levels left.
You knew the following spells:

 Your Spells              Type           Power        Failure   Level  Hunger
a - Magic Dart            Conj           ####         1%          1    None
b - Blink                 Tloc           N/A          6%          2    None
c - Conjure Flame         Conj/Fire      ####....     3%          3    None
d - Mephitic Cloud        Conj/Pois/Air  ###.....     10%         3    None

Your spell library contained the following spells:

 Spells                   Type           Power        Failure   Level  Hunger
 Slow                     Hex            #.......     10%         2    None
 Call Imp                 Summ           ##......     6%          2    None


Dungeon Overview and Level Annotations

Branches:
Dungeon (5/15)             Temple (1/1) D:4

Altars:
Ashenzari
Cheibriados
Dithmenos
Elyvilon
Gozag
Kikubaaqudgha
Makhleb
Okawaru
Qazlal
Sif Muna
Uskayaw
Vehumet
Wu Jian
Yredelemnul
Zin
The Shining One

Annotations:
D:1 1 runed door
D:4 1 runed door, Hebeh's ghost, amateur MiFi
D:5 Dowan; Duvessa


Message History

Duvessa is almost dead.
Duvessa hits you with a rapier!
* * * LOW HITPOINT WARNING * * *
You hit Duvessa.
Duvessa is almost dead.
Duvessa closely misses you. The worker ant misses you.
Casting: Magic Dart (safe; 1% risk of failure)
Confirm with . or Enter, or press ? or * to list all spells.
You don't have enough magic to cast that spell.
Casting: Magic Dart (safe; 1% risk of failure)
Confirm with . or Enter, or press ? or * to list all spells.
You don't know that spell.
Duvessa says, "When magic and the sword combine, nothing stands against them."
Duvessa closely misses you.
Dowan points at you and mumbles some strange words.
The puff of flame hits you! You resist.
* * * LOW HITPOINT WARNING * * *
Okay, then.
It was a potion of haste.
You feel yourself speed up. The worker ant bites you.
You die...

.....#
+....#.....#
#....##....#
#....##....#
+....##....#
#....#.....#
#....#.....#
#....##<...#
#...@##....#
+..eae.....#
#.)Z.......#
#..........#
##'#########
... .....
...... .....


You could see Duvessa, Dowan, a worker ant and a hound zombie.

Vanquished Creatures
  Sigmund (D:2)
  An ogre (D:5)
  Natasha (thrice) (D:2)
  An iguana (D:4)
  10 gnolls
  An adder (D:2)
  2 oozes
  A dart slug (D:1)
  4 worms
  5 leopard geckos
  3 orcs
  3 ball pythons
  6 bats
  4 giant cockroaches
  7 goblins
  11 hobgoblins
  8 jackals
  A quokka (D:4)
  A frilled lizard (D:2)
  8 kobolds
  A leopard gecko skeleton (D:4)
  4 rats
86 creatures vanquished.

Notes
Turn   | Place    | Note
-------+----------+-------------------------------------------
     0 | D:1      | pk666 the Deep Elf Wizard began the quest for the Orb.
     0 | D:1      | Reached XP level 1. HP: 10/10 MP: 7/7
     1 | D:1      | Found a runed door.
    22 | D:1      | Noticed a jelly
   172 | D:1      | Reached XP level 2. HP: 15/15 MP: 5/9
   527 | D:1      | Reached skill level 5 in Spellcasting
   957 | D:1      | Reached XP level 3. HP: 12/19 MP: 4/11
  1013 | D:1      | Learned a level 2 spell: Blink
  1017 | D:1      | Learned a level 3 spell: Conjure Flame
  1021 | D:1      | Learned a level 3 spell: Mephitic Cloud
  1271 | D:2      | Noticed Natasha
  1276 | D:2      | Killed Natasha
  1276 | D:2      | Reached skill level 1 in Fire Magic
  1276 | D:2      | Reached XP level 4. HP: 24/24 MP: 5/13
  1695 | D:2      | Noticed Natasha
  1699 | D:2      | Killed Natasha
  1708 | D:2      | Noticed Natasha
  1712 | D:2      | Killed Natasha
  1712 | D:2      | Reached skill level 6 in Spellcasting
  1902 | D:2      | Reached XP level 5. HP: 28/28 MP: 12/15
  2394 | D:2      | Noticed Sigmund
  2406 | D:2      | Killed Sigmund
  2406 | D:2      | Reached XP level 6. HP: 22/32 MP: 5/17
  3127 | D:2      | Reached skill level 7 in Spellcasting
  3397 | D:4      | Found a staircase to the Ecumenical Temple.
  3408 | Temple   | Entered the Ecumenical Temple
  3483 | Temple   | Became a worshipper of Vehumet
  3777 | D:4      | Found a runed door.
  3777 | D:4      | Noticed Hebeh's ghost (amateur MiFi)
  3994 | D:4      | Found a snail-covered altar of Cheibriados.
  4178 | D:5      | Entered Level 5 of the Dungeon
  4187 | D:5      | Reached XP level 7. HP: 36/36 MP: 10/19
  4189 | D:5      | Noticed Duvessa
  4202 | D:5      | Noticed Dowan
  4211 | D:5      | HP: 1/36 [Dowan/puff of flame (6)]
  4212 | D:5      | Slain by a worker ant

Vault maps used:
D:1:      dpeg_arrival_caged_fury, minmay_parallelograms
D:2:      first_ration, uniq_sigmund, uniq_natasha
D:3:      lemuel_castle_with_subvaults, chequers_temple_overflow_minitemple,
          hangedman_abyss_or_decor_stabs, uniq_grinder
D:4:      minmay_temple_entry_butterflies, gammafunk_ghost_grave,
          cheibriados_altar_1
D:5:      serial_shops, nicolae_shop_crystal, uniq_duvessa
Temple:   eino_temple_scatter_basement

Skill      XL: |  1  2  3  4  5  6 |
---------------+-------------------+-----
Conjurations   | 2 3 4 |  4.9
Spellcasting   | 5 6 7 |  7.3
Fire Magic     | 1 2 3 |  3.9
Dodging        | |  2.4
Stealth        | |  2.4
Summonings     | |  1.1
Translocations | |  1.1

Action                   |  1- 3 |  4- 6 |  7- 9 || total
-------------------------+-------+-------+-------++-------
Melee: Dagger            |       |       |     7 ||     7
 Cast: Magic Dart        |    67 |   154 |    12 ||   233
       Conjure Flame     |       |     3 |       ||     3
       Mephitic Cloud    |       |     3 |     1 ||     4
  Use: Potion            |       |       |     1 ||     1
  Eat: Chunk             |     1 |     8 |       ||     9
Armor: Robe              |     3 |       |       ||     3
Dodge: Dodged            |     9 |    23 |     5 ||    37

Table legend:
 A = Spawn XP
 B = Non-spawn XP
 C = Spawn XP percentage of total XP
 D = Spawn monster count
 E = Non-spawn monster count
 F = Spawn count percentage of total count
 G = Total turns spent on level
                    A         B        C        D         E        F      G
               +---------+---------+-------+---------+---------+-------+---------
         Total |       0 |     756 |   0.0 |       0 |      86 |   0.0 |  4212
               +---------+---------+-------+---------+---------+-------+---------
           D:1 |       0 |      43 |   0.0 |       0 |      20 |   0.0 |  1066
           D:2 |       0 |     422 |   0.0 |       0 |      32 |   0.0 |  1642
           D:3 |       0 |     120 |   0.0 |       0 |      26 |   0.0 |   689
           D:4 |       0 |      50 |   0.0 |       0 |       7 |   0.0 |   583
           D:5 |       0 |     121 |   0.0 |       0 |       1 |   0.0 |    34
               +---------+---------+-------+---------+---------+-------+---------
